 Dungeon Crawl Stone Soup version 0.21.1-1-g345015fe64 (webtiles) character file.

7329 Jannitor the Fighter (level 10, -1/94 HPs)
             Began as a Minotaur Monk on May 30, 2018.
             Engulfed by a smoke demon's steam (5 damage)
             ... on level 1 of the Abyss.
             The game lasted 00:28:23 (16253 turns).

Jannitor the Fighter (Minotaur Monk)               Turns: 16253, Time: 00:28:23

Health: -1/94      AC:  6    Str: 15 (17) XL:     10   Next: 90%
Magic:  11/11      EV: 16    Int:  9      God:
Gold:   57         SH:  0    Dex: 14 (15) Spells: 5/9 levels left

rFire    . . .     SeeInvis .     - Unarmed
rCold    . . .     Gourm    .   w - +0 shield
rNeg     . . .     Faith    .   (no armour)
rPois    .         Spirit   .   (helmet restricted)
rElec    .         Reflect  .   (no cloak)
rCorr    +         Harm     .   o - +2 pair of gloves
MR       .....                  f - +2 pair of boots
Stlth    +.........             a - amulet of magic regeneration
HPRegen  0.00/turn              p - ring of resist corrosion
MPRegen  0.37/turn              s - ring of flight

@: confused, non-regenerating, diseased
A: retaliatory headbutt, horns 2, clever 1, deterioration 1, wild magic 1
a: Evoke Flight


You were on level 1 of the Abyss.
You were very hungry.

You visited 1 branch of the dungeon, and saw 10 of its levels.
You visited the Abyss 1 time.

You collected 380 gold pieces.
You spent 323 gold pieces at shops.

Inventory:

Missiles
 g - 5 javelins (quivered)
Armour
 f - a +2 pair of boots (worn)
 o - a +2 pair of gloves (worn)
 w - a +0 shield (worn)
Jewellery
 a - an amulet of magic regeneration (around neck)
 p - a ring of resist corrosion (left hand)
 s - a ring of flight (right hand)
Wands
 i - a wand of flame (110)
 r - a wand of polymorph (3)
Scrolls
 c - 2 scrolls of identify
 m - 4 scrolls of remove curse
 q - 4 scrolls of magic mapping
 t - a scroll of enchant armour
 x - a scroll of amnesia
Potions
 e - a potion of ambrosia
Books
 n - a book of Minor Magic

   Spells                             Type                      Level
   a - Magic Dart                     Conjuration                  1
   b - Blink                          Translocation                2
   c - Call Imp                       Summoning                    2
   d - Slow                           Hexes                        2
   e - Conjure Flame                  Conjuration/Fire             3
   f - Mephitic Cloud                 Conjuration/Poison/Air       3
 u - a book of Callings

   Spells                             Type                      Level
   a - Summon Small Mammal            Summoning                    1
   b - Call Imp                       Summoning                    2
   c - Call Canine Familiar           Summoning                    3
   d - Summon Guardian Golem          Hexes/Summoning              3
   e - Summon Lightning Spire         Summoning/Air                4
   f - Summon Ice Beast               Ice/Summoning                4
 y - a book of Enchantments

   Spells                             Type                      Level
   a - Cause Fear                     Hexes                        4
   b - Yara's Violent Unravelling     Hexes/Transmutation          5
   c - Silence                        Hexes/Air                    5
   d - Deflect Missiles               Charms/Air                   6
   e - Discord                        Hexes                        8
Comestibles
 b - 13 rations


   Skills:
 + Level 10.5 Fighting
 + Level 9.7 Dodging
 - Level 1.5 Stealth
 * Level 4.6 Shields
 + Level 9.7 Unarmed Combat
 - Level 4.7 Summonings
 + Level 3.6 Evocations


You had 5 spell levels left.
You knew the following spells:

 Your Spells              Type           Power        Failure   Level  Hunger
a - Call Imp              Summ           ##......     41%         2    ###....
b - Blink                 Tloc           N/A          96%         2    ###....


Dungeon Overview and Level Annotations

Branches:
Dungeon (10/15)            Temple (0/1) D:5            Lair (0/6) D:9
    Orc: D:9-12

Altars:
Ashenzari
Dithmenos
Gozag
Sif Muna
Trog
Uskayaw
Vehumet
Wu Jian
Xom
The Shining One

Shops:
D:8 [   D:9 *

Annotations:
D:4 supermoro's ghost, amateur MiGl
D:10 Maurice


Innate Abilities, Weirdness & Mutations

You reflexively headbutt those who attack you in melee.
You have a pair of horns on your head.
Your mind is acute. (Int +2)
Your body sometimes deteriorates upon taking damage.
Your spells are a little harder to cast, but a little more powerful.


Message History

Your thrashing horror tramples the thrashing horror but does no damage.
Your thrashing horror misses the thrashing horror.
The thrashing horror tramples you!
* * * LOW HITPOINT WARNING * * *
You are shoved backwards!
Unknown command.
You are feeling very hungry.
The thrashing horror roars!
You hear a roar!
The thrashing horror barely misses you. The thrashing horror tramples you.
* * * LOW HITPOINT WARNING * * *
You are shoved backwards!
Your thrashing horror barely misses the thrashing horror.
Your thrashing horror tramples the thrashing horror.
The thrashing horror stumbles backwards!
The smoke demon gestures at you. The ball of steam misses you.
A smoke demon comes into view.
Unknown command.
You are engulfed in a cloud of scalding steam.
You die...

.. #. ....##....
..u..X..................
X.....................3.
.─.....X................
.\...3......3...........
............§§§......
.........3...§.§...X
..##......##.§.§..# .
#......##....@.##...
....... ...x.....§......
... ............X.§.....
... ..........X.... ....
..).....................
..... ..................
.......................
##......##......##....
#...... #......# ...


You could see a thrashing horror, a large abomination, 2 smoke demons, a small
abomination and a friendly thrashing horror.

Vanquished Creatures
  A two-headed ogre (D:8)
  Pikel (D:7)
  A worldbinder (Abyss:1)
  2 hornets (D:8)
  A dream sheep (shapeshifter) (D:8)
  A hippogriff (D:7)
  Sigmund (D:3)
  2 yaks
  3 orc warriors
  2 sky beasts (D:8)
  An eye of draining (D:8)
  2 phantoms
  An ice beast (D:9)
  A necrophage (D:5)
  4 centaurs
  4 wolves
  A tengu (D:9)
  4 ogres
  A gnoll sergeant (D:7)
  6 big kobolds
  A bullfrog (D:7)
  A wyvern zombie (D:9)
  4 scorpions
  6 jellies
  3 howler monkeys (D:7)
  4 crimson imps
  A centaur zombie (D:9)
  A centaur skeleton (D:9)
  5 orc priests
  An iron imp (D:4)
  5 hounds
  A gnoll shaman (D:6)
  4 bullfrog skeletons
  8 orc wizards
  Jessica (D:3)
  8 worker ants
  A killer bee zombie (D:6)
  A hound zombie (D:5)
  A hound skeleton (D:5)
  Robin (D:3)
  8 gnolls
  12 adders
  2 shadow imps
  An ufetubus (Abyss:1)
  5 oozes
  An adder zombie (D:6)
  3 adder skeletons
  3 worms
  A dart slug (D:1)
  5 leopard geckos
  39 orcs
  A ball python (D:5)
  4 giant cockroaches
  14 goblins
  4 hobgoblins
  4 jackals
  A quokka (D:6)
  4 bats
  3 frilled lizards
  31 kobolds
  A quokka skeleton (D:4)
  3 rats (D:3)
248 creatures vanquished.

Vanquished Creatures (collateral kills)
  A soldier ant (D:8)
  A black bear (D:8)
  A centaur skeleton (D:8)
  3 kobolds (D:8)
6 creatures vanquished.

Vanquished Creatures (others)
  An orc warrior (D:9)
  4 slaves (D:8)
  A bullfrog (D:8)
  A gnoll (D:8)
  5 orcs
  A quokka (D:8)
  9 starspawn tentacles (Abyss:1)
22 creatures vanquished.

Grand Total: 276 creatures vanquished

Notes
Turn   | Place    | Note
-------+----------+-------------------------------------------
     0 | D:1      | Jannitor the Minotaur Monk began the quest for the Orb.
     0 | D:1      | Reached XP level 1. HP: 19/19 MP: 0/0
   133 | D:1      | Reached XP level 2. HP: 16/27 MP: 1/1
   403 | D:1      | Reached skill level 4 in Fighting
   969 | D:2      | Found a shattered altar of Ashenzari.
  1018 | D:2      | Reached XP level 3. HP: 16/33 MP: 2/2
  1881 | D:2      | Reached XP level 4. HP: 32/41 MP: 3/3
  2030 | D:3      | Noticed Sigmund
  2122 | D:4      | Found a glowing golden altar of the Shining One.
  2124 | D:4      | Found a blossoming altar of Fedhas.
  2124 | D:4      | Found a shadowy altar of Dithmenos.
  2126 | D:4      | Found a bloodstained altar of Trog.
  2126 | D:4      | Found a shimmering altar of Xom.
  2126 | D:4      | Found a shattered altar of Ashenzari.
  2146 | D:4      | Noticed a phantom
  2301 | D:5      | Entered Level 5 of the Dungeon
  2301 | D:5      | Noticed a necrophage
  2317 | D:4      | Killed a phantom
  2317 | D:4      | Reached skill level 5 in Fighting
  2317 | D:4      | Reached XP level 5. HP: 34/48 MP: 4/4
  2376 | D:4      | Found a radiant altar of Vehumet.
  2380 | D:4      | Learned a level 2 spell: Call Imp
  3211 | D:3      | Noticed Jessica
  3212 | D:3      | Noticed Robin
  3314 | D:4      | Noticed supermoro's ghost (amateur MiGl)
  3430 | D:3      | Gained mutation: Your mind is acute. (Int +2) [potion of mutation]
  3430 | D:3      | Gained mutation: Your body sometimes deteriorates upon taking damage. [potion of mutation]
  3430 | D:3      | Gained mutation: Your spells are a little harder to cast, but a little more powerful. [potion of mutation]
  3444 | D:3      | Killed Sigmund
  3444 | D:3      | Reached skill level 5 in Dodging
  3444 | D:3      | Reached skill level 5 in Unarmed Combat
  3444 | D:3      | Reached skill level 1 in Summonings
  3444 | D:3      | Reached XP level 6. HP: 51/57 MP: 5/5
  3873 | D:3      | Killed Robin
  3910 | D:3      | You fall through a shaft for 3 floors!
  4016 | D:6      | Reached skill level 6 in Fighting
  4030 | D:7      | Reached XP level 7. HP: 6/63 MP: 6/6
  5488 | D:7      | Noticed a hippogriff
  5554 | D:7      | Reached XP level 8. HP: 54/71 MP: 7/7
  5798 | D:7      | Killed a hippogriff
  5798 | D:7      | Reached skill level 7 in Fighting
  6299 | D:5      | Found a deep blue altar of Sif Muna.
  6321 | D:5      | Found a staircase to the Ecumenical Temple.
  6453 | D:5      | Found an opulent altar of Gozag.
  6487 | D:5      | Reached skill level 8 in Fighting
  6851 | D:5      | Found a glowing golden altar of the Shining One.
  6970 | D:5      | Noticed Grinder
  6993 | D:4      | Noticed Grinder
  6993 | D:4      | Grinder changed into Grinder the iron imp
  6999 | D:4      | Killed Grinder the iron imp
  7262 | D:3      | Reached XP level 9. HP: 81/81 MP: 8/8
  7318 | D:3      | Noticed a two-headed ogre
  7418 | D:3      | Killed Jessica
 10058 | D:7      | Found an ornate altar of the Wu Jian Council.
 10275 | D:7      | Learned a level 2 spell: Blink
 10549 | D:8      | Noticed a dagger
 10550 | D:8      | Noticed a dagger
 10553 | D:8      | Found a hide-covered altar of Uskayaw.
 10571 | D:8      | Reached skill level 9 in Fighting
 10575 | D:8      | Noticed Pikel
 10896 | D:7      | Killed Pikel
 11169 | D:8      | Noticed a two-headed ogre
 11442 | D:8      | Noticed Joseph
 11457 | D:8      | Noticed Joseph
 11457 | D:8      | Joseph changed into Joseph the shapeshifter
 11458 | D:8      | Noticed Joseph
 11458 | D:8      | Joseph the shapeshifter changed into Joseph the polar bear
 11459 | D:8      | Noticed Joseph
 11459 | D:8      | Joseph the polar bear changed into Joseph the salamander
 11650 | D:8      | Found Macs's Armour Shop.
 11655 | D:8      | Bought a +1 pair of gloves for 161 gold pieces
 11843 | D:8      | Reached skill level 1 in Evocations
 11917 | D:8      | Reached XP level 10. HP: 62/91 MP: 3/10
 12115 | D:8      | Noticed Joseph
 12130 | D:8      | Noticed Joseph
 12130 | D:8      | Joseph the lindwurm changed into Joseph the dream sheep
 12132 | D:8      | Killed Joseph the dream sheep
 12512 | D:8      | Killed a two-headed ogre
 12512 | D:8      | Reached skill level 10 in Fighting
 13322 | D:9      | Reached skill level 1 in Shields
 13666 | D:10     | Entered Level 10 of the Dungeon
 13666 | D:10     | Noticed Maurice
 14050 | D:9      | Found a staircase to the Lair.
 14055 | D:9      | Found Siegupu's Assorted Antiques.
 14060 | D:9      | Bought a dented jade amulet for 135 gold pieces
 14061 | D:9      | Bought a wand of flame (38) for 27 gold pieces
 15782 | D:10     | Noticed Grum
 15816 | D:10     | Noticed Grum
 15816 | D:10     | Grum changed into Grum the big kobold
 15830 | D:9      | Killed Grum the big kobold
 16015 | D:10     | HP: 3/94 [wolf[Grum] (10)]
 16026 | D:10     | Cast into level 1 of the Abyss (Maurice)
 16097 | Abyss:1  | Found a corrupted altar of Lugonu.
 16156 | Abyss:1  | Noticed a worldbinder
 16165 | Abyss:1  | Killed a worldbinder
 16203 | Abyss:1  | Noticed a great orb of eyes
 16205 | Abyss:1  | Noticed a red very ugly thing
 16207 | Abyss:1  | Noticed a tentacled starspawn
 16216 | Abyss:1  | Noticed a tentacled starspawn
 16230 | Abyss:1  | Noticed a smoke demon
 16244 | Abyss:1  | Noticed a thrashing horror
 16250 | Abyss:1  | Noticed a smoke demon
 16251 | Abyss:1  | HP: 4/94 [thrashing horror (10)]
 16253 | Abyss:1  | Noticed a smoke demon
 16253 | Abyss:1  | Engulfed by a smoke demon's steam

Skill      XL: |  1  2  3  4  5  6  7  8  9 10 |
---------------+-------------------------------+-----
Fighting       | 4 5 6 8 9 10 | 10.5
Dodging        | 4 5 6 7 8 9 |  9.7
Unarmed Combat | 4 5 6 7 8 9 |  9.7
Summonings     | 1 2 3 4 |  4.7
Evocations     | 1 3 |  3.6
Shields        | 4 |  4.6
Stealth        | |  1.5

Action                   |  1- 3 |  4- 6 |  7- 9 | 10-12 || total
-------------------------+-------+-------+-------+-------++-------
Melee: Unarmed           |    67 |   125 |   396 |   233 ||   821
       Headbutt          |     9 |    25 |    81 |    47 ||   162
       Punch             |       |     3 |    14 |     7 ||    24
Throw: Javelin           |       |     4 |       |       ||     4
 Cast: Call Imp          |       |       |    20 |     8 ||    28
Evoke: Wand              |       |     5 |    36 |    19 ||    60
       Phantom mirror    |       |       |       |     1 ||     1
  Use: Scroll            |     2 |     2 |     8 |     5 ||    17
       Potion            |       |     6 |     3 |     7 ||    16
 Stab: Sleeping          |     5 |       |     5 |     3 ||    13
       Paralysed         |       |     8 |    14 |     8 ||    30
       Distracted        |       |       |     2 |     1 ||     3
  Eat: Chunk             |     3 |     7 |    16 |     4 ||    30
       Ration            |       |       |     3 |     3 ||     6
Armor: Skin              |       |       |       |    24 ||    24
Dodge: Dodged            |    62 |    73 |   286 |   131 ||   552
Block: Shield            |       |       |       |    74 ||    74
